 Dungeon Crawl Stone Soup version 0.31-a0-702-gf82c85558f (webtiles) character file.

Game seed: 10700498248075875899

152 qw the Shooter (level 5, 0/32 HPs)
             Began as a Gargoyle Hunter on Sept 8, 2023.
             Slain by a goblin
             ... wielding a +0 club
             ... led by Robin
              (2 damage)
             ... on level 3 of the Dungeon.
             The game lasted 00:00:41 (1777 turns).

qw the Shooter (Gargoyle Hunter)                    Turns: 1777, Time: 00:00:42

Health: 0/32       AC:  8    Str: 15    XL:     5   Next: 34%
Magic:  5/5        EV: 11    Int:  9    God:
Gold:   63         SH:  0    Dex: 15    Spells: 4/4 levels left

rFire   . . .        Y - +1 shortbow
rCold   . . .        (shield currently unavailable)
rNeg    + . .        c - +0 leather armour
rPois   inf          (no helmet)
rElec   +            h - +0 cloak
rCorr   .            (no gloves)
SInv    .            (no boots)
Will    .....        (no amulet)
Stlth   ++           (no ring)
HPRegen 0.25/turn    (no ring)
MPRegen 0.09/turn

%: no passive effects
@: no status effects
A: sickness immunity, AC +4, negative energy resistance 1, electricity
resistance, torment resistance 1, petrification resistance
a: no special abilities


You were on level 3 of the Dungeon.
You visited 1 branch of the dungeon, and saw 3 of its levels.

You collected 63 gold pieces.


Innate Abilities, Weirdness & Mutations

You are immune to sickness and miasma.
Your stone body is resilient. (AC +4)
You are immune to poison.
You resist negative energy. (rN+)
You are resistant to electric shocks. (rElec)
You are resistant to unholy torment.
You are immune to petrification.


   Skills:
 - Level 3.1 Fighting
 - Level 6.0 Ranged Weapons
 + Level 0.6 Armour
 - Level 1.5 Dodging
 - Level 1.1 Stealth


You had 4 spell levels left.
You didn't know any spells.
Your spell library was empty.

Inventory:

Hand Weapons
 Y - a +1 shortbow (weapon)
Armour
 a - a +0 ring mail
 c - a +0 leather armour (worn)
 h - a +0 cloak (worn)
Scrolls
 b - a scroll of identify
Potions
 f - a potion of curing {unknown}

Dungeon Overview and Level Annotations

Branches:
Dungeon (3/15)

Altars:


Message History

The goblin no longer looks unusually strong.
The goblin hits you but does no damage. The frilled lizard barely misses you.
You shoot an arrow.
The arrow barely misses the frilled lizard.
The goblin hits you with a +0 club.
The orc priest looks braver for a moment.
The frilled lizard barely misses you.
You shoot an arrow.
The arrow closely misses the frilled lizard.
The goblin barely misses you.
The frilled lizard bites you but does no damage.
You shoot an arrow.
The arrow completely misses the frilled lizard.
The goblin hits you but does no damage.
The frilled lizard bites you but does no damage.
You shoot an arrow.
The arrow barely misses the frilled lizard.
The goblin closely misses you. The frilled lizard barely misses you.
The frilled lizard bites you but does no damage.
The goblin barely misses you.
You shoot an arrow. The arrow hits the frilled lizard.
You kill the frilled lizard!
An adder comes into view.
The orc priest begins to cast a cantrip, but forgets the words!
The goblin misses you.
You shoot an arrow. The arrow misses the goblin.
The adder hisses angrily.
The goblin closely misses you.
You shoot an arrow. The arrow hits the orc priest!
The orc priest is heavily wounded.
The goblin hits you but does no damage. The orc priest barely misses you.
You shoot an arrow. The arrow hits the orc priest.
The orc priest is almost dead.
The goblin hits you but does no damage.
The orc priest mumbles some strange prayers to Beogh against you.
Beogh smites you!
You shoot an arrow. The arrow hits the orc priest.
The orc priest is almost dead.
The goblin hits you with a +0 club.
You die...

.......................
....#####.#<.....######
....'.....#..#'###
..^.#####.#..#.# ....# #.#..#.#
....# #....#.# ....#
#..###.########. #####
#......#goS..... #.###..#@###
#########.# ##.).#.###
....)...#.####........#
............##.#.#.##.#
............##.#....#.#
#.......
.................#..#.#
#.......
.............#.#.#..#.#
#.......
........#'##.#.#.#....##
#.......
........#....#.#.#.%...###.....


You could see an orc priest, an adder and a goblin.

Vanquished Creatures
  An orc priest (D:3)
  An orc wizard (D:3)
  Robin (D:3)
  A gnoll (D:1)
  An adder (D:2)
  A worm (D:2)
  3 dart slugs
  8 orcs (D:3)
  2 bats (D:1)
  An endoplasm (D:2)
  3 giant cockroaches
  11 goblins
  5 hobgoblins
  2 quokkas
  2 ball pythons (D:2)
  4 frilled lizards
  4 kobolds
  3 rats
54 creatures vanquished.

Notes
Turn   | Place    | Note
-------+----------+-------------------------------------------
     0 | D:1      | qw the Gargoyle Hunter began the quest for the Orb.
     0 | D:1      | Reached XP level 1. HP: 12/12 MP: 1/1
     0 | D:1      | 0 ||| qw: Version: 0.3-a-76-g4403597
     0 | D:1      | 0 ||| qw: Game counter: 1192
     0 | D:1      | 0 ||| qw: Melee chars always use a shield: true
     0 | D:1      | 0 ||| qw: God list: Okawaru
     0 | D:1      | 0 ||| qw: Allow faded altars: false
     0 | D:1      | 0 ||| qw: Do Orc after clearing Dungeon:15 true
     0 | D:1      | 0 ||| qw: Do second Lair branch before Depths: true
     0 | D:1      | 0 ||| qw: Lair rune preference: random
     0 | D:1      | 0 ||| qw: Goals: Normal
     0 | D:1      | 0 ||| PLANNING D:1-11
   234 | D:1      | Reached XP level 2. HP: 17/17 MP: 2/2
   690 | D:1      | 690 ||| UPGRADING to +0 cloak.
   695 | D:1      | 695 ||| READING scroll labelled DUEWIR TAGHI.
   706 | D:1      | 706 ||| READING scroll labelled WOHERO DIACW.
   707 | D:1      | 707 ||| READING scroll labelled MADGHA WUELOEC.
   712 | D:1      | 712 ||| READING scroll labelled XUEPNI MUMOLAICSOMP.
   713 | D:1      | 713 ||| READING scroll labelled BEKO XUGGOUFF.
   714 | D:1      | 714 ||| DROPPING scroll of butterflies.
   746 | D:2      | Reached XP level 3. HP: 15/21 MP: 3/3
   792 | D:2      | Reached skill level 5 in Ranged Weapons
  1212 | D:2      | Reached skill level 3 in Fighting
  1313 | D:2      | 1313 ||| READING scroll labelled OMIXTAESTRAL.
  1314 | D:2      | 1314 ||| READING scroll labelled SITOLOGRISU.
  1315 | D:2      | 1315 ||| READING scroll labelled GUESO ZEYPEQIECU.
  1316 | D:2      | 1316 ||| READING scroll labelled GYENAZ GE QAE.
  1317 | D:2      | 1317 ||| READING scroll labelled RIR ISUGAT.
  1371 | D:3      | Reached XP level 4. HP: 28/28 MP: 4/4
  1404 | D:3      | HP: 7/28 [orc wizard/+0 dagger (2)]
  1422 | D:3      | Reached XP level 5. HP: 13/32 MP: 5/5
  1737 | D:3      | Noticed Robin
  1753 | D:3      | Killed Robin
  1754 | D:3      | Reached skill level 6 in Ranged Weapons
  1776 | D:3      | HP: 2/32 [orc priest/divine providence (9)]
  1777 | D:3      | Slain by a goblin

Levels and vault maps discovered:
D:1:      minmay_arrival_doors, layout_basic, feat_on_display
D:2:      layout_loops_ring
D:3:      layout_basic, uniq_grinder, uniq_robin, uniq_jessica

Skill      XL: |  1  2  3  4  5 |
---------------+----------------+-----
Ranged Weapons | 5 6 |  6.0
Fighting       | 3 |  3.1
Armour         | |  0.6
Dodging        | |  1.5
Stealth        | |  1.1

Action                     |  1- 3 |  4- 6 || total
---------------------------+-------+-------++-------
   Fire: Shortbow          |    98 |    73 ||   171
    Use: Scroll            |    10 |       ||    10
 Armour: Leather armour    |    18 |    41 ||    59
  Dodge: Dodged            |    17 |    32 ||    49

Table legend:
 A = Non-vault XP
 B = Vault XP
 C = Vault XP percentage of total XP
 D = Non-vault monster count
 E = Vault monster count
 F = Vault count percentage of total count
                 A         B        C        D         E       F
            +---------+---------+-------+---------+---------+-------
      Total |     188 |      30 |  13.8 |      45 |       9 |  16.7
            +---------+---------+-------+---------+---------+-------
        D:1 |      31 |       0 |   0.0 |      12 |       0 |   0.0
        D:2 |      46 |       0 |   0.0 |      17 |       0 |   0.0
        D:3 |     111 |      30 |  21.3 |      16 |       9 |  36.0
            +---------+---------+-------+---------+---------+-------
